 Dungeon Crawl Stone Soup version 0.22-a0-284-g99d1f74 (webtiles) character file.

5804 Gorglomux the Fighter (level 10, -2/100 HPs)
             Began as a Naga Fighter on Mar 22, 2018.
             Was an Elder of Okawaru.
             Killed from afar by an electric eel (12 damage)
             ... with a bolt of electricity
             ... on level 8 of the Dungeon.
             The game lasted 00:08:29 (8269 turns).

Gorglomux the Fighter (Naga Fighter)                Turns: 8269, Time: 00:08:30

Health: -2/100     AC: 13    Str: 21    XL:     10   Next: 79%
Magic:  10/10      EV:  7    Int: 10    God:    Okawaru [****..]
Gold:   322        SH: 15    Dex: 10    Spells: 9/9 levels left

rFire    . . .     SeeInvis +   a - +0 war axe
rCold    . . .     Gourm    .   c - +0 shield
rNeg     . . .     Faith    .   k - +0 scale mail
rPois    +         Spirit   .   r - +0 helmet
rElec    .         Reflect  +   z - +0 cloak {+Inv}
rCorr    +         Harm     .   q - +1 pair of gloves {archery}
MR       +....                  (no barding)
Stlth    ..........             J - +4 amulet of reflection
HPRegen  0.26/turn              g - ring of resist corrosion
MPRegen  0.12/turn              o - ring of poison resistance

@: very slow
A: large, see invisible, deformed body, poison resistance, slowness 2, slow
metabolism 1, spit poison 1, AC +3
a: Spit Poison, Heroism, Renounce Religion, Evoke Invisibility


You were on level 8 of the Dungeon.
You worshipped Okawaru.
Okawaru was greatly pleased with you.
You were hungry.

You visited 1 branch of the dungeon, and saw 8 of its levels.

You collected 322 gold pieces.

Inventory:

Hand Weapons
 a - a +0 war axe (weapon)
 b - a +2 dagger of electrocution
Armour
 c - a +0 shield (worn)
 k - a +0 scale mail (worn)
 q - a +1 pair of gloves of archery (worn)
 r - a +0 helmet (worn)
 s - a scarf of spirit shield
 z - a +0 cloak of invisibility (worn)
Jewellery
 g - a ring of resist corrosion (left hand)
 o - a ring of poison resistance (right hand)
 y - an uncursed ring of positive energy
 J - a +4 amulet of reflection (around neck)
Scrolls
 i - 3 scrolls of remove curse
 l - a scroll of noise {unknown}
 x - 2 scrolls of magic mapping {unknown}
 B - 2 scrolls of blinking
 C - 3 scrolls of teleportation {unknown}
 D - a scroll of amnesia {unknown}
 G - 3 scrolls of enchant armour {unknown}
 K - 2 scrolls of random uselessness {unknown}
 N - a scroll of brand weapon {unknown}
 R - a scroll of identify
Potions
 d - 3 potions of might
 h - a potion of brilliance
 v - 2 potions of lignification
 w - a potion of flight
 F - a potion of haste
 I - a potion of resistance
 M - a potion of invisibility
 O - a potion of heal wounds
 Q - 2 potions of curing
Comestibles
 f - 12 rations


   Skills:
 + Level 9.7 Fighting
 - Level 5.7 Axes
 + Level 6.8 Armour
 + Level 8.0 Shields


You had 9 spell levels left.
You didn't know any spells.

Dungeon Overview and Level Annotations

Branches:
Dungeon (8/15)             Temple (0/1) D:6
   Lair: D:8-11

Altars:
Ashenzari
Cheibriados
Fedhas
Hepliaklqana
Kikubaaqudgha
Nemelex Xobeh
Okawaru
Qazlal
Trog
Uskayaw
Vehumet
Xom
Yredelemnul
The Shining One


Innate Abilities, Weirdness & Mutations

You cannot wear boots.
Your serpentine skin is tough. (AC +3)
You have supernaturally acute eyesight. (SInv)
Armour fits poorly on your strangely shaped body.
Your system is resistant to poisons. (rPois)
You cover ground very slowly.
You have a slow metabolism.
You can spit poison.


Message History

Helpless, you fail to dodge the bolt of electricity! * * * don't die
* * * You barely miss the electric eel!
The butt eel is moderately wounded!
Unknown command!
You closely miss the electric eel!
The electric eel is moderately wounded!
Unknown command!
You miss the electric eel!
The electric eel is moderately wounded!
You feel less wooden!
Your +0 cloak of invisibility unmelds from your body!
Your +0 helmet unmelds from your body!
Your +1 pair of gloves of butt unmelds from your body!
Butt's +0 scale mail unmelds from your body!
Butt become transparent for a moment!
Butt feel that butt's butt is more steady!
The electric eel shoots out a bolt of lightning at you!!!
The bolt of electricity hits you!!! rip

###########
###.........#
#...$.......#
####.#..........
#########...............
#.......................
#............≈.≈.≈≈...≈.
#...........≈≈.≈@≈≈≈....
#.........≈≈≈≈.≈.;≈≈.≈≈.
#..........≈≈≈≈≈.≈≈≈≈...
#..........≈≈≈≈≈.≈≈≈....
#...........≈≈≈≈.≈≈.≈≈..
#...........≈≈≈≈.≈≈≈≈≈..
.######....≈≈≈....≈≈≈≈≈.
.######....≈≈≈.≈..≈≈≈≈≈≈
.........≈≈.≈..


You could see an electric eel.

Vanquished Creatures
  A two-headed ogre (D:8)
  The ghost of Gorglomux the Fighter, a novice NaFi of Okawaru (D:8)
  Joseph (D:7)
  Grinder (D:3)
  A hippogriff (D:7)
  Sigmund (D:3)
  A water moccasin (D:5)
  4 sky beasts
  3 orc warriors
  2 phantoms (D:6)
  2 ice beasts (D:5)
  4 wolves (D:8)
  A centaur (D:6)
  An ogre (D:6)
  5 bullfrogs
  A scorpion (D:8)
  A wyvern skeleton (D:7)
  3 killer bees (D:7)
  5 howler monkeys
  2 electric eels (D:8)
  3 crimson imps
  4 hounds
  9 orc priests
  A bullfrog skeleton (D:6)
  Ijyb (D:4)
  Terence (D:3)
  3 iguanas
  8 orc wizards
  4 worker ants
  A hound zombie (D:7)
  A hound skeleton (D:6)
  12 adders
  A howler monkey skeleton (D:7)
  An ooze (D:3)
  A dart slug (D:1)
  10 leopard geckos
  36 orcs
  2 ball pythons (D:3)
  5 giant cockroaches
  7 goblins
  6 hobgoblins
  9 jackals
  5 quokkas
  6 bats
  14 frilled lizards
  2 jackal skeletons
  8 kobolds
  A leopard gecko skeleton (D:8)
  5 rats
208 creatures vanquished.

Vanquished Creatures (others)
  A centaur (D:7)
  3 plants (D:6)
4 creatures vanquished.

Grand Total: 212 creatures vanquished

Notes
Turn   | Place    | Note
-------+----------+-------------------------------------------
     0 | D:1      | Gorglomux the Naga Fighter began the quest for the Orb.
     0 | D:1      | Reached XP level 1. HP: 21/21 MP: 1/1
    41 | D:1      | Reached XP level 2. HP: 10/28 MP: 2/2
   396 | D:1      | Reached XP level 3. HP: 33/34 MP: 3/3
   823 | D:2      | Reached skill level 3 in Axes
   955 | D:2      | Reached XP level 4. HP: 44/44 MP: 4/4
  1004 | D:2      | Found a hide-covered altar of Uskayaw.
  1035 | D:2      | Found a hazy altar of Hepliaklqana.
  1305 | D:3      | Found an iron altar of Okawaru.
  1314 | D:3      | Reached skill level 4 in Fighting
  1352 | D:3      | Became a worshipper of Warmaster Okawaru
  1435 | D:3      | Noticed Sigmund
  1449 | D:3      | Killed Sigmund
  1449 | D:3      | Reached skill level 3 in Shields
  1449 | D:3      | Reached XP level 5. HP: 44/51 MP: 5/5
  1449 | D:3      | Reached XP level 6. HP: 51/58 MP: 6/6
  1464 | D:3      | Found a sparkling altar of Nemelex Xobeh.
  1476 | D:3      | Noticed Grinder
  1495 | D:3      | Killed Grinder
  1495 | D:3      | Reached skill level 5 in Fighting
  1495 | D:3      | Reached XP level 7. HP: 60/67 MP: 7/7
  1677 | D:3      | Found a faded altar of an unknown god.
  1681 | D:3      | Reached * piety under Okawaru
  1748 | D:3      | Noticed Terence
  1758 | D:3      | Killed Terence
  1965 | D:4      | Found a blossoming altar of Fedhas.
  1965 | D:4      | Found an ancient bone altar of Kikubaaqudgha.
  2316 | D:4      | Noticed Ijyb
  2325 | D:4      | Killed Ijyb
  2862 | D:5      | Entered Level 5 of the Dungeon
  2998 | D:5      | Reached skill level 6 in Fighting
  2998 | D:5      | Reached XP level 8. HP: 27/76 MP: 4/8
  3599 | D:5      | Reached skill level 3 in Armour
  3733 | D:5      | Reached ** piety under Okawaru
  3825 | D:5      | Found a glowing golden altar of the Shining One.
  3999 | D:6      | Reached skill level 7 in Fighting
  4064 | D:5      | Reached XP level 9. HP: 56/86 MP: 6/9
  4342 | D:6      | Found a radiant altar of Vehumet.
  4390 | D:6      | Found a staircase to the Ecumenical Temple.
  4561 | D:6      | Reached skill level 6 in Shields
  5146 | D:7      | Reached skill level 8 in Fighting
  5973 | D:7      | Reached *** piety under Okawaru
  6373 | D:7      | Noticed Joseph
  6386 | D:7      | Reached XP level 10. HP: 89/98 MP: 7/10
  6400 | D:7      | Killed Joseph
  6801 | D:8      | Found a bloodstained altar of Trog.
  6801 | D:8      | Found a snail-covered altar of Cheibriados.
  6821 | D:8      | Reached skill level 9 in Fighting
  6821 | D:8      | Reached skill level 6 in Armour
  6835 | D:8      | Found a stormy altar of Qazlal.
  6837 | D:8      | Found a shattered altar of Ashenzari.
  6837 | D:8      | Found a shimmering altar of Xom.
  6838 | D:8      | Found a basalt altar of Yredelemnul.
  6901 | D:8      | Noticed Gorglomux's ghost (novice NaFi)
  6925 | D:8      | Killed Gorglomux's ghost
  6925 | D:8      | Reached **** piety under Okawaru
  7117 | D:8      | Noticed a two-headed ogre
  7132 | D:8      | Killed a two-headed ogre
  8269 | D:8      | Killed from afar by an electric eel

Vault maps used:
D:1:      lightli_arrival_statuegarden, serial_forest, infiniplex_forest_end_3,
          infiniplex_forest_split, infiniplex_forest_lined_room_3,
          infiniplex_forest_lined_corner, infiniplex_forest_zigzag_2
D:2:      nicolae_overflow_crystal_walls, lemuel_crystal_altar
D:3:      okawaru_ov_weapons_minmay, lemuel_crystal_altar,
          chequers_ecumenical_altar_simple_redux, uniq_terence, uniq_grinder,
          uniq_sigmund
D:4:      grunt_temple_overflow_growth_and_decay, first_ration, serial_glass,
          glass_columns_a, glass_columns_a, uniq_ijyb
D:5:      lemuel_round_altar
D:6:      minmay_temple_entry_from_below_b, basic_altar, minmay_lizard_king
D:7:      hangedman_abyss_or_decor_passed, uniq_joseph
D:8:      grunt_temple_overflow_open, erik_lair_island

Skill      XL: |  1  2  3  4  5  6  7  8  9 10 |
---------------+-------------------------------+-----
Axes           | 3 4 5 |  5.7
Fighting       | 4 5 6 7 8 9 |  9.7
Shields        | 3 4 5 7 8 |  8.0
Armour         | 3 5 6 |  6.8

Action                   |  1- 3 |  4- 6 |  7- 9 | 10-12 || total
-------------------------+-------+-------+-------+-------++-------
Melee: War axe           |    14 |       |   247 |   159 ||   420
       Dagger            |    93 |    77 |   295 |    13 ||   478
Invok: Heroism           |       |       |    14 |     8 ||    22
 Abil: Spit Poison       |     1 |     1 |     5 |     5 ||    12
  Use: Potion            |       |       |     1 |     5 ||     6
       Scroll            |       |       |     9 |       ||     9
  Eat: Chunk             |       |     2 |    13 |     5 ||    20
Armor: Scale mail        |    47 |    31 |   227 |    56 ||   361
       Skin              |       |       |       |     3 ||     3
Dodge: Dodged            |    21 |    17 |   130 |    39 ||   207
Block: Shield            |    62 |    30 |   370 |   130 ||   592
       Reflection        |       |       |     7 |       ||     7

Table legend:
 A = Spawn XP
 B = Non-spawn XP
 C = Spawn XP percentage of total XP
 D = Spawn monster count
 E = Non-spawn monster count
 F = Spawn count percentage of total count
 G = Total turns spent on level
                    A         B        C        D         E        F      G
               +---------+---------+-------+---------+---------+-------+---------
         Total |       0 |    8292 |   0.0 |       0 |     209 |   0.0 |  8269
               +---------+---------+-------+---------+---------+-------+---------
           D:1 |       0 |      45 |   0.0 |       0 |      29 |   0.0 |   815
           D:2 |       0 |      57 |   0.0 |       0 |      20 |   0.0 |   451
           D:3 |       0 |     740 |   0.0 |       0 |      24 |   0.0 |   677
           D:4 |       0 |     215 |   0.0 |       0 |      14 |   0.0 |   919
           D:5 |       0 |    1199 |   0.0 |       0 |      30 |   0.0 |  1309
           D:6 |       0 |    1226 |   0.0 |       0 |      35 |   0.0 |   853
           D:7 |       0 |    1676 |   0.0 |       0 |      28 |   0.0 |  1777
           D:8 |       0 |    3134 |   0.0 |       0 |      29 |   0.0 |  1468
               +---------+---------+-------+---------+---------+-------+---------
